 Dungeon Crawl Stone Soup version 0.26-a0-388-gf3277c4969 (webtiles) character file.

Game seed: 16218387951825190707

489 KristoblXynda the Slasher (level 6, 0/52 HPs)
             Began as a Draconian Gladiator on July 21, 2020.
             Succumbed to a worker ant's poison
             ... on level 4 of the Dungeon.
             The game lasted 00:05:55 (3801 turns).

KristoblXynda the Slasher (Draconian Gladiator)     Turns: 3801, Time: 00:05:55

Health: 0/52       AC:  7    Str: 17    XL:     6   Next: 90%
Magic:  6/6        EV: 14    Int: 10    God:
Gold:   235        SH:  0    Dex: 12    Spells: 5/5 levels left

rFire    . . .     SeeInvis .   a - +1 long sword
rCold    . . .     Faith    .   (no shield)
rNeg     . . .     Spirit   .   (armour unavailable)
rPois    .         Reflect  .   b - +0 hat
rElec    .         Harm     .   (no cloak)
rCorr    .                      k - +0 pair of gloves
MR       .....                  (no boots)
Stlth    +.........             (no amulet)
HPRegen  0.17/turn              (no ring)
MPRegen  0.10/turn              (no ring)

@: lethally poisoned (0 -> -2), flying, very slightly contaminated, invisible
A: unfitting armour, cold-blooded, AC +6
a: no special abilities


You were on level 4 of the Dungeon.
You visited 1 branch of the dungeon, and saw 4 of its levels.

You collected 235 gold pieces.

Inventory:

Hand Weapons
 a - a +1 long sword (weapon)
Missiles
 c - 3 throwing nets (quivered)
Armour
 b - a +0 hat (worn)
 k - a +0 pair of gloves (worn)
 r - a +1 buckler of positive energy
Jewellery
 h - an uncursed amulet of regeneration {unknown}
Scrolls
 f - 2 scrolls of enchant weapon
 j - 2 scrolls of remove curse
Potions
 l - a potion of resistance


   Skills:
 - Level 4.0 Fighting
 + Level 5.8 Long Blades
 - Level 2.0 Throwing
 + Level 4.3 Dodging
 + Level 1.1 Shields


You had 5 spell levels left.
You didn't know any spells.
Your spell library contained the following spells:

 Spells                   Type           Power        Failure   Level
 Corona                   Hex            #......      36%         1
 Ensorcelled Hibernation  Hex/Ice        #.....       50%         2
 Confusing Touch          Hex            #.......     75%         3
 Dazzling Flash           Conj/Hex       #.....       75%         3
 Tukima's Dance           Hex            #.......     75%         3


Dungeon Overview and Level Annotations

Branches:
Dungeon (4/15)
 Temple: D:4-7

Altars:
Cheibriados

Annotations:
D:3 1 runed translucent door, Crazy Yiuf


Innate Abilities, Weirdness & Mutations

Your plain brown scales are hard. (AC +6)
You cannot fit into any form of body armour.
You are cold-blooded and may be slowed by cold attacks.


Message History

You fly up into the air.
An orc wizard appears from thin air!
Reactivating autopickup.
The orc wizard mumbles some strange words.
The orc wizard seems to speed up.
The worker ant bites you.
* * * LOW HITPOINT WARNING * * *
The giant cockroach closely misses you.
You barely miss the orc wizard.
The orc wizard is heavily wounded.
The orc wizard completely misses you.
You riposte.
You completely miss the orc wizard.
The orc wizard is heavily wounded.
The worker ant barely misses you.
You riposte.
You closely miss the worker ant.
The worker ant is severely wounded.
The giant cockroach barely misses you.
The orc wizard hits you but does no damage.
You catch the helpless orc wizard completely off-guard!
You hit the orc wizard.
You tail-slap the orc wizard, but do no damage.
The orc wizard is severely wounded.
You die...

#.......## .... ...
.#........# ..... ...
..........##......
##.........<...†......
.>...###............$.
. ...###..............
...#......<...........
......)##....##.#.....
....>.s@o....# ####...
[.....).##....... .<.
....##a###......# ..
..# ... #......# .
.... .......# #....
......... ##...
......#.# ##.# ....##


You could see a worker ant, an orc wizard (fast) and a giant cockroach.

Vanquished Creatures
  Sigmund (D:2)
  A bullfrog zombie (D:2)
  3 orc priests
  A worker ant (D:4)
  2 adders (D:3)
  4 gnolls (D:3)
  5 oozes
  2 worms (D:3)
  2 dart slugs
  3 leopard geckos
  14 orcs
  3 ball pythons
  A giant cockroach (D:1)
  10 goblins
  9 hobgoblins
  7 kobolds
  5 bats
  8 frilled lizards
  15 rats
96 creatures vanquished.

Vanquished Creatures (others)
  An orc (D:4)
1 creature vanquished.

Grand Total: 97 creatures vanquished

Notes
Turn   | Place    | Note
-------+----------+-------------------------------------------
     0 | D:1      | KristoblXynda the Draconian Gladiator began the quest for
                  | the Orb.
     0 | D:1      | Reached XP level 1. HP: 17/17 MP: 1/1
     7 | D:1      | Noticed a swamp drake
     7 | D:1      | Noticed a salamander
     7 | D:1      | Noticed a black bear
     7 | D:1      | Noticed a swamp worm
   177 | D:1      | Reached XP level 2. HP: 18/24 MP: 2/2
   864 | D:2      | Reached skill level 4 in Long Blades
   864 | D:2      | Reached XP level 3. HP: 30/30 MP: 3/3
   925 | D:2      | Reached XP level 4. HP: 37/37 MP: 4/4
  1002 | D:2      | Noticed Sigmund
  1105 | D:2      | Found a snail-covered altar of Cheibriados.
  1838 | D:3      | Reached XP level 5. HP: 21/45 MP: 5/5
  2124 | D:3      | HP: 1/45 [gnoll/+0 flail (7)]
  2445 | D:2      | Killed Sigmund
  2445 | D:2      | Reached skill level 5 in Long Blades
  2445 | D:2      | Reached XP level 6. HP: 27/52 MP: 6/6
  3408 | D:3      | Found a runed translucent door.
  3409 | D:3      | Noticed Crazy Yiuf
  3793 | D:4      | Reached skill level 1 in Shields
  3798 | D:4      | HP: 2/52 [something/puff of flame (6)]
  3801 | D:4      | Succumbed to a worker ant's poison

Illustrated notes

Levels and vault maps discovered:
D:1:      onia_arrival_zoo_common, layout_rooms, chequers_garden,
          chequers_serial_rivers_marsh
D:2:      layout_basic, overflow_temple_1_default, uniq_sigmund
D:3:      layout_loops_cross, minmay_misc_feat_nine_boxes,
          uniq_crazy_yiuf_cottage
D:4:      layout_cave_pools, grunt_temple_overflow_cloverleaf,
          kennysheep_generic_room_3, uniq_eustachio

Skill      XL: |  1  2  3  4  5  6 |
---------------+-------------------+-----
Throwing       | 2 |  2.0
Dodging        | 3 4 |  4.3
Long Blades    | 4 5 |  5.8
Fighting       | 3 4 |  4.0
Shields        | 1 |  1.1

Action                   |  1- 3 |  4- 6 || total
-------------------------+-------+-------++-------
Melee: Long sword        |    80 |   192 ||   272
       Tailslap          |    10 |    22 ||    32
  Use: Potion            |       |     9 ||     9
       Scroll            |       |     8 ||     8
 Stab: Invisible         |       |     3 ||     3
       Sleeping          |       |     2 ||     2
Armor: Skin              |    24 |   101 ||   125
Dodge: Dodged            |    71 |   140 ||   211
       Rpst.: Long sword |    20 |    44 ||    64

Table legend: (Time is in decaauts)
 A = Elapsed time spent in this place.
 B = Non-inter-level travel time spent in this place.
 C = Inter-level travel time spent in this place.
 D = Time resting spent in this place.
 E = Time spent auto-exploring this place.
 F = Levels seen in this place.
 G = Mean time per level.
                   A        B        C        D        E       F      G
               +--------+--------+--------+--------+--------+-----+--------+
         Total |   3848 |   3732 |    116 |   1155 |   1651 |   4 |  962.0 |
       Dungeon |   3848 |   3732 |    116 |   1155 |   1651 |   4 |  962.0 |
               +--------+--------+--------+--------+--------+-----+--------+
Top levels by time: D:3: 1496 daAuts D:2: 1452 daAuts D:1: 848 daAuts D:4: 51 daAuts
